 Dungeon Crawl Stone Soup version 0.23.2-40-g277498a001 (webtiles) character file.

Game seed: 15284785146337486822

15357 Amplified the Fighter (level 12, -16/115 HPs)
             Began as a Hill Orc Monk on Sept 23, 2019.
             Was an Elder of the Shining One.
             Demolished by a sun demon (19 damage)
             ... on level 1 of the Orcish Mines.
             The game lasted 00:19:05 (10434 turns).

Amplified the Fighter (Hill Orc Monk)              Turns: 10434, Time: 00:19:06

Health: -16/115    AC: 17    Str: 15    XL:     12   Next: 26%
Magic:  11/20      EV: 14    Int: 16    God:    the Shining One [****..]
Gold:   773        SH: 10    Dex: 15    Spells: 11/11 levels left

rFire    . . .     SeeInvis .   s - +0 war axe (protect)
rCold    . . .     Gourm    .   (no shield)
rNeg     + + .     Faith    .   e - +0 ring mail
rPois    .         Spirit   .   (no helmet)
rElec    .         Reflect  .   (no cloak)
rCorr    .         Harm     .   f - +2 pair of gloves
MR       +....                  (no boots)
Stlth    +.........             o - amulet of regeneration
HPRegen  0.69/turn              y - +2 ring of intelligence
MPRegen  0.17/turn              g - ring of protection from magic

@: divine shield, protection aura, glowing
A: slimy green scales 1, agile 1, blink
a: Blink, Divine Shield, Cleansing Flame, Renounce Religion


You were on level 1 of the Orcish Mines.
You worshipped the Shining One.
The Shining One was greatly pleased with you.
You were not hungry.

You visited 4 branches of the dungeon, and saw 15 of its levels.
You also visited: Volcano.

You collected 809 gold pieces.
You spent 36 gold pieces at shops.

Inventory:

Hand Weapons
 m - a +0 blowgun
 r - a +1 hunting sling of freezing
 s - a +0 war axe of protection (weapon)
 z - a +3 demon whip of flaming
Missiles
 h - a javelin (quivered)
 l - 39 poisoned needles
Armour
 b - a +0 scale mail
 e - a +0 ring mail (worn)
 f - a +2 pair of gloves (worn)
 u - the +1 leather armour "Juhang" {*Corrode Slay+3 Stlth+}
   (You found it on level 7 of the Dungeon)

   It affects your accuracy and damage with ranged weapons and melee attacks
   (+3).
   It may corrode you when you take damage.
   It makes you more stealthy.
Jewellery
 g - a ring of protection from magic (right hand)
 j - an uncursed amulet of harm {unknown}
 o - an amulet of regeneration (around neck)
 y - a +2 ring of intelligence (left hand)
Wands
 A - a wand of enslavement (5)
Scrolls
 d - 4 scrolls of amnesia
 n - 3 scrolls of teleportation
 q - 7 scrolls of remove curse
 v - 4 scrolls of enchant armour
 w - a scroll of identify
Potions
 a - a potion of flight
 t - a potion of magic
Miscellaneous
 C - a phial of floods (inert)
Comestibles
 c - 13 rations


   Skills:
 * Level 13.5 Fighting
 - Level 13.2(13.7) Axes
 * Level 5.3(9.1) Maces & Flails
 + Level 3.2 Armour
 - Level 6.5 Dodging
 - Level 1.5 Stealth
 * Level 10.9 Invocations


You had 11 spell levels left.
You didn't know any spells.
Your spell library contained the following spells:

 Spells                   Type           Power        Failure   Level  Hunger
 Confusing Touch          Hex            #.....       43%         1    ##.....
 Confuse                  Hex            #.......     82%         3    ####...
 Gell's Gravitas          Tloc           #.........   82%         3    ####...
 Petrify                  Tmut/Erth      #.......     99%         4    #####..
 Metabolic Englaciation   Hex/Ice        #.........   100%        5    ######.
 Yara's Violent Unravell  Hex/Tmut       #.........   100%        5    ######.


Dungeon Overview and Level Annotations

Branches:
Dungeon (12/15)            Temple (1/1) D:5            Lair (1/6) D:9
    Orc (1/2) D:11

Altars:
Ashenzari
Cheibriados
Dithmenos
Elyvilon
Fedhas
Gozag
Hepliaklqana
Kikubaaqudgha
Makhleb
Nemelex Xobeh
Okawaru
Qazlal
Ru
Sif Muna
Trog
Uskayaw
Vehumet
Wu Jian
Xom
Yredelemnul
Zin
The Shining One
Beogh

Shops:
D:5 }   D:7 %   D:9 %   D:11 *

Annotations:
D:10 Fannar
D:12 Rupert
Lair:1 Hydraintro


Innate Abilities, Weirdness & Mutations

You are partially covered in slimy green scales. (AC +2)
You are agile. (Dex +2)
You can translocate small distances at will.


Message History

Evoke which item? (* to show all) (? for menu, Esc to quit)
Okay, then.
Evoke which item? (* to show all) (? for menu, Esc to quit)
Aiming: Enslavement
Press: ? - help, Shift-Dir - straight line, f - sun demon
Aim: a sun demon (lightly wounded, haloed, chance to defeat MR: 6%)
Okay, then.
You slash the sun demon!
The sun demon is moderately wounded.
You block the sun demon's attack.
Unknown command.
The golden flame engulfs you but does no damage.
You resist.
The golden flame engulfs the sun demon!!
The sun demon writhes in agony!
The sun demon is severely wounded.
You feel somewhat more hungry. The sun demon hits you!
* * * LOW HITPOINT WARNING * * *
You are engulfed in flames!!
You die...

#....$##.....##.....
#......#....####....
###.....####...##....#
#........##...).......
#.........###)).......
##.......## #........#
#......## ##..#....##
###.3..# #...##.###
##@### ##.#.#.# ###
#######


You could see a sun demon.

Vanquished Creatures
  2 two-headed ogres
  2 unseen horrors
  A centaur zombie (D:10)
  A troll (D:9)
  Sigmund (D:6)
  3 hippogriffs
  A wyvern (D:8)
  A wraith (D:11)
  3 fire bats (Orc:1)
  16 yaks
  A human (D:8)
  3 hogs (D:8)
  A steam dragon (D:11)
  2 hungry ghosts
  2 water moccasins
  A hell hound (Volcano)
  Duvessa (D:5)
  11 orc warriors
  4 ice beasts
  2 sky beasts
  2 phantoms (D:8)
  3 necrophages
  13 ogres
  A crocodile (Lair:1)
  4 centaurs
  A big kobold (D:9)
  3 bullfrogs (D:7)
  A gnoll sergeant (D:9)
  Dowan (D:5)
  4 scorpions
  19 killer bees
  8 howler monkeys
  6 crimson imps
  A bullfrog zombie (D:8)
  A quasit (D:5)
  A jelly (D:7)
  A bullfrog skeleton (D:11)
  5 hounds
  10 orc priests
  12 orc wizards
  3 iguanas
  6 worker ants
  A worker ant zombie (D:4)
  14 gnolls
  17 adders
  A howler monkey skeleton (D:9)
  2 shadow imps
  An ooze (D:2)
  An adder skeleton (D:5)
  A worm (D:2)
  A dart slug (D:2)
  6 leopard geckos
  53 orcs
  9 bats
  4 giant cockroaches
  3 goblins
  9 hobgoblins
  19 jackals
  7 quokkas
  A ball python (D:1)
  9 frilled lizards
  17 kobolds
  A leopard gecko skeleton (D:4)
  2 quokka skeletons (D:5)
  4 rats
348 creatures vanquished.

Vanquished Creatures (collateral kills)
  A hound (D:10)
1 creature vanquished.

Vanquished Creatures (others)
  A two-headed ogre (Orc:1)
1 creature vanquished.

Grand Total: 350 creatures vanquished

Notes
Turn   | Place    | Note
-------+----------+-------------------------------------------
     0 | D:1      | Amplified the Hill Orc Monk began the quest for the Orb.
     0 | D:1      | Reached XP level 1. HP: 19/19 MP: 1/1
    97 | D:1      | Reached XP level 2. HP: 22/27 MP: 2/2
   378 | D:1      | Reached XP level 3. HP: 27/33 MP: 3/3
   868 | D:2      | Reached skill level 5 in Axes
   998 | D:2      | Reached XP level 4. HP: 33/41 MP: 4/4
  1180 | D:2      | Found an ancient bone altar of Kikubaaqudgha.
  1202 | D:2      | Found a blossoming altar of Fedhas.
  1545 | D:2      | Reached skill level 5 in Fighting
  1546 | D:2      | Found an ornate altar of the Wu Jian Council.
  1753 | D:3      | Reached XP level 5. HP: 41/48 MP: 5/5
  2238 | D:4      | Reached XP level 6. HP: 49/57 MP: 6/6
  2382 | D:4      | Noticed a hungry ghost
  2431 | D:4      | Killed a hungry ghost
  2697 | D:5      | Entered Level 5 of the Dungeon
  2768 | D:5      | Found a staircase to the Ecumenical Temple.
  2832 | D:5      | Noticed an ice beast
  2855 | D:5      | Killed an ice beast
  2855 | D:5      | Reached XP level 7. HP: 44/64 MP: 7/7
  2948 | D:5      | Noticed Dowan
  2949 | D:5      | Noticed Duvessa
  2962 | D:5      | Gained mutation: Your spells are a little harder to cast,
                  | but a little more powerful. [potion of mutation]
  2962 | D:5      | Gained mutation: Your mind is acute. (Int +2) [potion of
                  | mutation]
  2973 | D:5      | Killed Duvessa
  3008 | D:5      | Killed Dowan
  3286 | D:5      | Reached XP level 8. HP: 19/73 MP: 8/8
  3612 | D:5      | Found Xahesa's Gadget Shop.
  3630 | D:6      | Noticed Sigmund
  3644 | D:6      | Killed Sigmund
  3844 | D:6      | Found an opulent altar of Gozag.
  4169 | D:6      | Found a sparkling altar of Nemelex Xobeh.
  4309 | Temple   | Entered the Ecumenical Temple
  4535 | D:6      | Reached skill level 10 in Axes
  4535 | D:6      | Reached XP level 9. HP: 72/81 MP: 9/9
  5506 | D:3      | Found a glowing golden altar of the Shining One.
  5537 | D:3      | Became a worshipper of the Shining One
  5537 | D:3      | Reached * piety under the Shining One
  5537 | D:3      | Reached ** piety under the Shining One
  5833 | D:7      | Reached skill level 5 in Dodging
  5833 | D:7      | Reached skill level 1 in Invocations
  5976 | D:7      | Reached skill level 10 in Fighting
  6023 | D:7      | Found an opulent altar of Gozag.
  6098 | D:7      | Found Moteugub's Food Shop.
  6107 | D:7      | Got a distressingly furry leather armour
  6119 | D:7      | Identified the cursed +1 leather armour "Juhang" {*Corrode
                  | Slay+3 Stlth+} (You found it on level 7 of the Dungeon)
  6507 | D:8      | Found a shadowy altar of Dithmenos.
  6544 | D:8      | Reached XP level 10. HP: 24/92 MP: 11/13
  6723 | D:8      | Found a basalt altar of Yredelemnul.
  6734 | D:8      | Reached skill level 5 in Invocations
  6928 | D:8      | Found a glowing silver altar of Zin.
  6928 | D:8      | Found a white marble altar of Elyvilon.
  6968 | D:8      | Lost mutation: Your spells are a little harder to cast, but
                  | a little more powerful. [potion of mutation]
  6968 | D:8      | Lost mutation: Your mind is acute. (Int +2) [potion of
                  | mutation]
  6968 | D:8      | Gained mutation: You do not regenerate when monsters are
                  | visible. [potion of mutation]
  6968 | D:8      | Gained mutation: You tend to lose your temper in combat.
                  | [potion of mutation]
  6968 | D:8      | Gained mutation: You expend magic power (3 MP) to
                  | strengthen your wands. [potion of mutation]
  6968 | D:8      | Gained mutation: Your flesh is cold resistant. (rC+)
                  | [potion of mutation]
  6991 | D:9      | Found Gur Ciopt's Food Shop.
  7016 | D:9      | Found a staircase to the Lair.
  7148 | D:9      | You fall through a shaft for 2 floors!
  7148 | D:11     | Found a staircase to the Orcish Mines.
  7391 | D:11     | Noticed a two-headed ogre
  7414 | D:11     | Killed a two-headed ogre
  7541 | D:11     | Lost mutation: You tend to lose your temper in combat.
                  | [potion of mutation]
  7541 | D:11     | Lost mutation: Your flesh is cold resistant. (rC+) [potion
                  | of mutation]
  7541 | D:11     | Lost mutation: You expend magic power (3 MP) to strengthen
                  | your wands. [potion of mutation]
  7541 | D:11     | Lost mutation: You do not regenerate when monsters are
                  | visible. [potion of mutation]
  7541 | D:11     | Gained mutation: You are agile. (Dex +2) [potion of
                  | mutation]
  7541 | D:11     | Gained mutation: You are partially covered in slimy green
                  | scales. (AC +2) [potion of mutation]
  7541 | D:11     | Gained mutation: You can translocate small distances at
                  | will. [potion of mutation]
  7627 | D:11     | Found a stormy altar of Qazlal.
  7681 | D:11     | Reached XP level 11. HP: 93/102 MP: 16/16
  7834 | D:11     | Noticed an unseen horror
  7844 | D:11     | Killed an unseen horror
  7946 | D:11     | Found Waoth's General Store.
  7960 | D:11     | Bought a scroll of teleportation for 36 gold pieces
  8148 | D:12     | Noticed Rupert
  8150 | D:12     | Paralysed by Rupert for 7 turns
  8279 | D:12     | Noticed an eight-headed hydra
  8383 | D:10     | Entered Level 10 of the Dungeon
  8392 | D:10     | You fall through a shaft!
  8414 | D:10     | Noticed Fannar
  8471 | D:9      | Reached *** piety under the Shining One
  8487 | D:9      | Reached skill level 1 in Maces & Flails
  8527 | D:9      | Found a snail-covered altar of Cheibriados.
  8527 | D:9      | Found an iron altar of Okawaru.
  8923 | D:9      | Found a hazy altar of Hepliaklqana.
  9259 | Lair:1   | Entered Level 1 of the Lair of Beasts
  9265 | Lair:1   | Reached skill level 1 in Armour
  9299 | Lair:1   | Noticed a six-headed hydra
  9697 | D:10     | Noticed a two-headed ogre
  9736 | D:10     | Noticed an unseen horror
  9742 | D:10     | Killed an unseen horror
  9742 | D:10     | Reached skill level 10 in Invocations
  9794 | D:10     | Killed a two-headed ogre
  9794 | D:10     | Reached XP level 12. HP: 38/115 MP: 16/19
  9937 | Orc:1    | Entered Level 1 of the Orcish Mines
 10073 | Orc:1    | Found a roughly hewn altar of Beogh.
 10212 | Orc:1    | Noticed a two-headed ogre
 10214 | Orc:1    | Noticed an ettin
 10236 | Orc:1    | Reached skill level 5 in Maces & Flails
 10327 | Orc:1    | Reached **** piety under the Shining One
 10382 | Orc:1    | Found a dark tunnel.
 10409 | Volcano  | Entered a volcano
 10424 | Volcano  | Noticed a sun demon
 10432 | Orc:1    | The Shining One protects you from harm!
 10434 | Orc:1    | HP: 3/115 [sun demon (13)]
 10434 | Orc:1    | Demolished by a sun demon

Skill      XL: |  1  2  3  4  5  6  7  8  9 10 11 12 |
---------------+-------------------------------------+-----
Fighting       | 4 5 6 7 9 10 11 13 | 13.5
Axes           | 5 6 7 8 10 11 12 13 | 13.2
Dodging        | 3 4 5 6 |  6.5
Invocations    | 4 7 10 | 10.9
Maces & Flails | 4 5 |  5.3
Armour         | 2 3 |  3.2
Stealth        | |  1.5

Action                   |  1- 3 |  4- 6 |  7- 9 | 10-12 || total
-------------------------+-------+-------+-------+-------++-------
Melee: Hand axe          |    98 |    73 |     3 |       ||   174
       Short sword       |    16 |   151 |   323 |       ||   490
       War axe           |       |       |   133 |   514 ||   647
Throw: Javelin           |       |       |     6 |     4 ||    10
       Throwing net      |       |       |       |     1 ||     1
Invok: Divine Shield     |       |       |     1 |     7 ||     8
       Cleansing Flame   |       |       |       |     2 ||     2
 Abil: Blink             |       |       |       |     4 ||     4
Evoke: Wand              |       |       |       |     5 ||     5
       Phial of floods   |       |       |       |     1 ||     1
  Use: Scroll            |     1 |     9 |     2 |    12 ||    24
       Potion            |       |     2 |     6 |     6 ||    14
  Eat: Chunk             |       |     9 |    13 |    14 ||    36
       Ration            |       |     2 |       |     1 ||     3
Armor: Ring mail         |    40 |   116 |   184 |     6 ||   346
       Leather armour    |       |       |    10 |   105 ||   115
Dodge: Dodged            |    88 |   181 |   328 |   424 ||  1021
Block: Other             |       |       |     9 |    31 ||    40
